 Dungeon Crawl Stone Soup version 0.26-a0-163-g6c8a0bf695 (webtiles) character file.

Game seed: 3458294182944853518

274 Ijustatesigmund the Chopper (level 6, 0/44 HPs)
             Began as an Octopode Gladiator on July 3, 2020.
             Slain by an orc priest
             ... wielding a +0 mace
              (8 damage)
             ... on level 3 of the Dungeon.
             The game lasted 00:05:47 (3975 turns).

Ijustatesigmund the Chopper (Octopode Gladiator)    Turns: 3975, Time: 00:05:47

Health: 0/44       AC:  1    Str: 15    XL:     6   Next: 24%
Magic:  6/6        EV:  9    Int: 10    God:
Gold:   88         SH: 11    Dex: 14    Spells: 5/5 levels left

rFire    . . .     SeeInvis +   a - +0 war axe
rCold    . . .     Faith    .   m - +0 tower shield
rNeg     . . .     Spirit   .   b - +0 hat
rPois    .         Reflect  .   (no amulet)
rElec    .         Harm     .   f - ring of see invisible
rCorr    .                      (no ring)
MR       .....                  (no ring)
Stlth    ++........             (no ring)
HPRegen  0.14/turn              (no ring)
MPRegen  0.10/turn              (no ring)
                                (no ring)
                                (no ring)

@: mighty
A: almost no armour, stealthy swim, amphibious, 8 rings, constrict 8, camouflage
1, gelatinous body 1
a: no special abilities


You were on level 3 of the Dungeon.
You were hungry.

You visited 1 branch of the dungeon, and saw 3 of its levels.

You collected 88 gold pieces.

Inventory:

Hand Weapons
 a - a +0 war axe (weapon)
Missiles
 c - a throwing net
 e - 6 poisoned darts (quivered)
Armour
 b - a +0 hat (worn)
 m - a +0 tower shield (worn)
Jewellery
 f - a ring of see invisible (left tentacle)
 l - a cursed ring of resist corrosion {unknown}
Scrolls
 g - a scroll of amnesia
 j - a scroll of remove curse
Potions
 i - 2 potions of curing {unknown}
Comestibles
 d - 3 rations
 k - 10 chunks of flesh


   Skills:
 + Level 4.5 Fighting
 + Level 5.1 Axes
 - Level 2.0 Throwing
 - Level 3.0 Dodging
 * Level 1.3 Shields


You had 5 spell levels left.
You didn't know any spells.
Your spell library was empty.

Dungeon Overview and Level Annotations

Branches:
Dungeon (3/15)

Altars:
Ashenzari
Okawaru
Xom


Innate Abilities, Weirdness & Mutations

You cannot wear most types of armour.
You are very stealthy in the water. (Stealth+)
You are amphibious.
You can wear up to eight rings at the same time.
You can use your tentacles to constrict eight enemies at once.
Your skin changes colour to match your surroundings (Stealth+).
Your rubbery body absorbs attacks. (AC +1, EV +1)


Message History

You kill the orc!
You hit the orc. You slash the orc!
You kill the orc!
You closely miss the orc. You hit the orc. The orc barely misses you.
The orc hits you with a +0 whip.
* * * LOW HITPOINT WARNING * * *
You block the orc's attack. The orc priest hits you with a +0 mace.
* * * LOW HITPOINT WARNING * * *
The orc hits you with a +0 dagger.
* * * LOW HITPOINT WARNING * * *
You block the orc's attack.
Your shield prevents you from hitting the orc priest.
Your grab misses the orc priest. Your squeeze misses the orc priest.
You slash the orc!
You kill the orc!
You closely miss the orc. You barely miss the orc.
An adder comes into view.
You block the orc's attack. The orc completely misses you.
The orc priest hits you with a +0 mace!
You die...

#####.............♣♣
#..........[......♣
#...........#.....♣
#.......(...♣#....♣
#.......#..#.....♣
#....)..#........♣
#.......#.........♣
#......)o...........
#.....#@oK....##.....
#....$#)o...#..#.....
########....##.......
#......... ..
..........o .......
....... .S.....


You could see an orc priest, an adder (wandering), 2 orcs and a kobold.

Vanquished Creatures
  A centaur zombie (D:2)
  2 orc wizards (D:3)
  Robin (D:2)
  5 gnolls
  6 adders
  A dart slug (D:1)
  2 leopard geckos
  4 orcs
  3 giant cockroaches
  12 goblins
  9 hobgoblins
  2 jackals (D:1)
  5 bats
  4 frilled lizards
  9 kobolds
  5 rats
71 creatures vanquished.

Notes
Turn   | Place    | Note
-------+----------+-------------------------------------------
     0 | D:1      | Ijustatesigmund the Octopode Gladiator began the quest for
                  | the Orb.
     0 | D:1      | Reached XP level 1. HP: 14/14 MP: 1/1
   245 | D:1      | Reached XP level 2. HP: 11/20 MP: 2/2
  1267 | D:2      | Reached XP level 3. HP: 18/25 MP: 3/3
  1577 | D:1      | Reached skill level 4 in Axes
  1577 | D:1      | Reached XP level 4. HP: 31/31 MP: 4/4
  1805 | D:2      | Noticed Robin
  2331 | D:2      | Killed Robin
  2662 | D:2      | Reached XP level 5. HP: 30/37 MP: 5/5
  2982 | D:2      | Found a shattered altar of Ashenzari.
  3142 | D:2      | Found a shimmering altar of Xom.
  3142 | D:2      | Found a shimmering altar of Xom.
  3142 | D:2      | Found a shimmering altar of Xom.
  3144 | D:2      | Found a shimmering altar of Xom.
  3684 | D:2      | Found an iron altar of Okawaru.
  3963 | D:3      | Reached skill level 5 in Axes
  3972 | D:3      | Reached skill level 1 in Shields
  3972 | D:3      | Reached XP level 6. HP: 28/44 MP: 6/6
  3975 | D:3      | Slain by an orc priest

Illustrated notes

Levels and vault maps discovered:
D:1:      lightli_iron_boxes, layout_basic
D:2:      layout_basic, xom_redecorated, lemuel_round_altar, first_ration,
          okawaru_altar_gauntlet_db, uniq_robin
D:3:      layout_basic, minmay_misc_feat_diagonals,
          kennysheep_decorative_pillar, minmay_misc_feat_more_columns,
          minmay_misc_feat_roman, st_stairs_5

Skill      XL: |  1  2  3  4  5 |
---------------+----------------+-----
Fighting       | 3 4 |  4.5
Axes           | 4 5 |  5.1
Shields        | 1 |  1.3
Throwing       | |  2.0
Dodging        | |  3.0

Action                   |  1- 3 |  4- 6 || total
-------------------------+-------+-------++-------
Melee: War axe           |    43 |    85 ||   128
       Constrict         |    15 |    22 ||    37
       Tentacles         |     3 |    16 ||    19
Throw: Dart              |     7 |    17 ||    24
       Throwing net      |       |     2 ||     2
  Use: Scroll            |     3 |     1 ||     4
       Potion            |       |     1 ||     1
 Stab: Sleeping          |     3 |     3 ||     6
       Distracted        |       |     1 ||     1
  Eat: Chunk             |     2 |     7 ||     9
Armor: Skin              |     5 |    10 ||    15
Dodge: Dodged            |    43 |    77 ||   120
Block: Tower shield      |       |    10 ||    10

Table legend:
 A = Non-vault XP
 B = Vault XP
 C = Vault XP percentage of total XP
 D = Non-vault monster count
 E = Vault monster count
 F = Vault count percentage of total count
                 A         B        C        D         E       F
            +---------+---------+-------+---------+---------+-------
      Total |     334 |      58 |  14.8 |      54 |      17 |  23.9
            +---------+---------+-------+---------+---------+-------
        D:1 |      59 |      20 |  25.3 |      20 |      10 |  33.3
        D:2 |     162 |      38 |  19.0 |      21 |       7 |  25.0
        D:3 |     113 |       0 |   0.0 |      13 |       0 |   0.0
            +---------+---------+-------+---------+---------+-------
